 Dungeon Crawl Stone Soup version 0.29.0-15-g675c0067aa (webtiles) character file.

Game seed: 4355606410962097227

23 qw the Sneak (level 3, -4/23 HPs)
             Began as a Gargoyle Delver on Sept 11, 2022.
             Slain by Sigmund
             ... wielding a +0 scythe
              (7 damage)
             ... on level 4 of the Dungeon.
             The game lasted 00:00:04 (86 turns).

qw the Sneak (Gargoyle Delver)                        Turns: 86, Time: 00:00:04

Health: -4/23      AC:  6    Str: 17    XL:     3   Next: 0%
Magic:  3/3        EV: 11    Int: 10    God:
Gold:   0          SH:  0    Dex: 11    Spells: 2/2 levels left

rFire   . . .      SeeInvis .   a - +0 hand axe
rCold   . . .      Faith    .   (no shield)
rNeg    + . .      Spirit   .   b - +0 leather armour
rPois   inf        Reflect  .   (no helmet)
rElec   +          Harm     .   (no cloak)
rCorr   .          Rampage  .   (no gloves)
Will    .....                   (no boots)
Stlth   +++.......              (no amulet)
HPRegen 0.07/turn               (no ring)
MPRegen 0.08/turn               (no ring)

@: no status effects
A: sickness immunity, AC +3, negative energy resistance 1, electricity
resistance, torment resistance 1, petrification resistance
a: no special abilities


You were on level 4 of the Dungeon.
You visited 1 branch of the dungeon, and saw 2 of its levels.


Innate Abilities, Weirdness & Mutations

You are immune to sickness and miasma.
Your stone body is resilient. (AC +3)
You are immune to poison.
You resist negative energy. (rN+)
You are resistant to electric shocks. (rElec)
You are resistant to unholy torment.
You are immune to petrification.


   Skills:
 - Level 3.2 Fighting
 + Level 3.0 Axes
 - Level 1.5 Dodging
 - Level 5.4 Stealth


You had 2 spell levels left.
You didn't know any spells.
Your spell library was empty.

Inventory:

Hand Weapons
 a - a +0 hand axe (weapon)
Armour
 b - a +0 leather armour (worn)
Wands
 g - a wand of digging (3)
Potions
 f - a potion of haste

Dungeon Overview and Level Annotations

Branches:
Dungeon (5/15)
 Temple: D:4-7

Altars:
Ru

Annotations:
D:4 Sigmund


Message History

You hit the orc wizard but do no damage.
The orc wizard is lightly wounded.
The orc wizard hits you but does no damage.
You closely miss the orc wizard.
The orc wizard is lightly wounded.
The orc wizard hits you with a +0 dagger.
You barely miss the orc wizard.
The orc wizard is lightly wounded.
The orc wizard hits you but does no damage.
You hit the orc wizard.
The orc wizard is moderately wounded.
The orc wizard hits you but does no damage.
The orc wizard closely misses you.
You hit the orc wizard.
The orc wizard is severely wounded.
The orc wizard misses you.
You closely miss the orc wizard.
The orc wizard is severely wounded.
The orc wizard hits you but does no damage.
You hit the orc wizard but do no damage.
The orc wizard is severely wounded.
The orc wizard hits you with a +0 dagger.
You completely miss the orc wizard.
The orc wizard is severely wounded.
The orc wizard hits you with a +0 dagger.
The orc wizard hits you but does no damage.
You hit the orc wizard.
You kill the orc wizard!
Your Axes skill gained 2 levels and is now at level 3!
You have reached level 2!
You have reached level 3!
Your experience leads to an increase in your attributes!
Increase (S)trength, (I)ntelligence, or (D)exterity?
You feel stronger. x2
You closely miss Sigmund.
Sigmund points at you and mumbles some strange words.
The puff of flame hits you.
You slash Sigmund!
Sigmund is moderately wounded.
Sigmund hits you with a +0 scythe!
You die...

... #@.. #
..o.. #~
######._.#
+..##..#.S...
#~..%..#...#
#>@#...#
##.@#######'
#..S.......
#.........#
###########


You could see Sigmund and a ball python (wandering, blind).

Vanquished Creatures
  An orc wizard (D:4)
  A ball python (D:4)
2 creatures vanquished.

Notes
Turn   | Place    | Note
-------+----------+-------------------------------------------
     0 | D:5      | qw the Gargoyle Delver began the quest for the Orb.
     0 | D:5      | Reached XP level 1. HP: 14/14 MP: 1/1
     0 | D:5      | 0 ||| qw: Version: 0.1-a-118-gb4e7ce6
     0 | D:5      | 0 ||| qw: Game counter: 10569
     0 | D:5      | 0 ||| qw: Always use a shield: true
     0 | D:5      | 0 ||| qw: God list: Okawaru
     0 | D:5      | 0 ||| qw: Allow faded altars: false
     0 | D:5      | 0 ||| qw: Do Orc after D:15 true
     0 | D:5      | 0 ||| qw: Do second Lair branch before Depths: true
     0 | D:5      | 0 ||| qw: Lair rune preference: random
     0 | D:5      | 0 ||| qw: Plans: Normal
     0 | D:5      | 0 ||| PLANNING D:1-11
     2 | D:5      | 2 ||| DROPPING scroll of fog.
     3 | D:5      | 3 ||| DROPPING scroll of magic mapping.
     4 | D:5      | 4 ||| DROPPING scroll of fear.
    19 | D:4      | Found a sacrificial altar of Ru.
    19 | D:4      | Noticed an orc wizard
    20 | D:4      | 20 ||| Stepping ~*~*~tactically~*~*~ (hiding).
    61 | D:4      | Noticed Sigmund
    62 | D:4      | 62 ||| Stepping ~*~*~tactically~*~*~ (hiding).
    83 | D:4      | HP: 3/14 [orc wizard/+0 dagger (1)]
    84 | D:4      | Killed an orc wizard
    85 | D:4      | Reached skill level 3 in Axes
    85 | D:4      | Reached XP level 2. HP: 4/19 MP: 2/2
    85 | D:4      | Reached XP level 3. HP: 5/23 MP: 3/3
    86 | D:4      | Slain by Sigmund

Levels and vault maps discovered:
D:4:      layout_loops_cross, lightli_temple_of_fire,
          nicolae_ru_great_annihilating_truth, uniq_sigmund, uniq_eustachio
D:5:      layout_loops_cross, uniq_duvessa

Skill      XL: |  1 |
---------------+----+-----
Axes           | 3 |  3.0
Fighting       | |  3.2
Dodging        | |  1.5
Stealth        | |  5.4

Action                   || total
-------------------------++-------
Melee: Hand axe          ||    22
Armor: Leather armour    ||     8
Dodge: Dodged            ||     8

Table legend:
 A = Non-vault XP
 B = Vault XP
 C = Vault XP percentage of total XP
 D = Non-vault monster count
 E = Vault monster count
 F = Vault count percentage of total count
                 A         B        C        D         E       F
            +---------+---------+-------+---------+---------+-------
      Total |       1 |      33 |  97.1 |       1 |       1 |  50.0
            +---------+---------+-------+---------+---------+-------
        D:4 |       1 |      33 |  97.1 |       1 |       1 |  50.0
            +---------+---------+-------+---------+---------+-------
